Map: Jagannatha LE

Players

Maplez

  • Race: Protoss Protoss

Asuna - Winner!

  • Race: Protoss Protoss

VOD

Have the link to the VOD?

Description

Time

  • Played on: Oct. 7, 2021, 3:43 p.m.
  • Length: 7:59
Show
View Real Time Build Order
Export as new Build Order

Maplez Protoss 

Build Orders: Blink Stalkers 

Get SALT Encoding   

  12  0:00  Probe  
  13  0:12  Probe  
  14  0:17  Pylon  
  14  0:24  Probe (Chrono Boost)  
  16  0:36  Probe (Chrono Boost)  
  16  0:38  Gateway  
  16  0:43  Probe (Chrono Boost)  
  16  0:47  Assimilator  
  17  0:51  Probe  
  17  0:55  Assimilator  
  18  1:03  Probe (Chrono Boost)  
  19  1:09  Gateway  
  19  1:13  Probe (Chrono Boost)  
  19  1:18  Probe  
  21  1:28  Cybernetics Core  
  21  1:30  Probe  
  22  1:38  Pylon  
  22  1:42  Probe  
  23  1:56  Probe  
  24  2:05  Stalker x2, Warp Gate (Chrono Boost)  
  24  2:08  Probe  
  29  2:15  Pylon  
  29  2:36  Stalker x2  
  32  2:44  Twilight Council  
  32  3:05  Stalker  
  32  3:06  Stalker  
  36  3:14  Robotics Facility  
  36  3:32  Shield Battery  
  36  3:34  Blink (Chrono Boost)  
  36  3:48  Pylon  
  36  3:56  Gateway  
  35  4:06  Observer  
  36  4:11  Stalker x2  
  40  4:20  Nexus  
  40  4:25  Probe  
  41  4:40  Shield Battery x2  
  41  4:51  Stalker  
  41  4:52  Stalker  
  43  4:56  Shield Battery  
  43  4:57  Observer  
  44  5:09  Shield Battery  
  44  5:11  Shield Battery  
  44  5:17  Stalker  
  46  5:24  Probe  
  47  5:31  Pylon  
  47  5:33  Stalker  
  49  5:42  Stalker  
  47  5:53  Stalker  
  45  5:58  Stalker  
  46  6:08  Stalker  
  42  6:20  Observer  
  38  6:25  Stalker  
  38  6:26  Stalker  
  40  6:34  Stalker  
  42  6:46  Shield Battery  
  42  6:49  Sentry x2  
  40  6:58  Probe  
  40  7:00  Stalker  
  25  7:16  Stalker  
Show
View Real Time Build Order
Export as new Build Order

Asuna Protoss - Winner!

Build Orders: Chargelot Immortal, Dark Templar Rush 

Get SALT Encoding   

  12  0:00  Probe  
  13  0:12  Probe  
  14  0:17  Pylon  
  14  0:24  Probe (Chrono Boost)  
  15  0:36  Probe (Chrono Boost)  
  15  0:37  Gateway  
  16  0:44  Probe (Chrono Boost)  
  16  0:46  Assimilator  
  17  0:51  Probe  
  17  0:54  Assimilator  
  18  1:03  Probe (Chrono Boost)  
  19  1:08  Gateway  
  19  1:16  Probe (Chrono Boost)  
  20  1:21  Probe (Chrono Boost)  
  20  1:24  Cybernetics Core  
  21  1:30  Probe  
  22  1:35  Pylon  
  22  1:42  Probe  
  23  1:51  Pylon  
  23  2:00  Adept  
  23  2:01  Adept  
  27  2:02  Warp Gate  
  27  2:09  Pylon  
  27  2:19  Twilight Council  
  27  2:30  Stalker  
  29  2:39  Robotics Facility  
  29  2:52  Probe, Shield Battery  
  30  2:59  Dark Shrine  
  30  3:07  Shield Battery  
  30  3:28  Immortal (Chrono Boost), Probe  
  31  3:52  Gateway, Pylon  
  31  3:54  Stalker  
  33  3:57  Stalker  
  35  4:14  Pylon  
  35  4:19  Immortal (Chrono Boost)  
  39  4:33  Dark Templar  
  39  4:37  Probe  
  41  4:41  Dark Templar  
  43  4:52  Pylon  
  43  4:55  Charge (Chrono Boost)  
  43  5:03  Pylon  
  43  5:10  Gateway  
  43  5:21  Stalker  
  45  5:24  Archon  
  45  5:29  Stalker  
  47  5:47  Stalker x2  
  49  5:58  Immortal (Chrono Boost)  
  45  6:29  Zealot x2  
  45  6:30  Zealot x2  
  53  6:44  Pylon  
  53  6:59  Zealot  
  55  7:02  Immortal  
  55  7:04  Zealot x2  
  61  7:15  Zealot  
  55  7:30  Zealot x3  
  57  7:41  Observer (Chrono Boost)  
  54  7:56  Pylon  
  54  7:57  Pylon  
Tags
 
Add a new tag
Caveats
  • Supply blocks, unpowered buildings, or Contaminate may cause inaccurate times.
  • Supply counts are checked every 10 seconds.